 Dungeon Crawl Stone Soup version 0.20.0-8-g6b59dc7 (webtiles) character file.

333663 Chiseanne the Champion of Chaos (level 20, -5/167 HPs)
             Began as a Demonspawn Wanderer on May 30, 2017.
             Was the Champion of Makhleb.
             Killed from afar by a deep elf sorcerer (32 damage)
             ... with damnation
             ... on level 3 of the Elven Halls.
             The game lasted 03:11:59 (48942 turns).

Chiseanne the Champion of Chaos (DsWn)             Turns: 48942, Time: 03:12:00

Health: -5/167     AC: 39    Str: 18    XL:     20   Next: 92%
Magic:  49/49      EV:  9    Int: 17    God:    Makhleb [******]
Gold:   1484       SH: 28    Dex: 18    Spells: 15/19 levels left

rFire    + + .     SeeInvis .   a - +6 eveningstar (protect)
rCold    + . .     Gourm    .   N - +5 large shield of Nanuru {rF+ rC- rCorr Str+2}
rNeg     . . .     Faith    .   B - +2 gold dragon scales
rPois    +         Spirit   .   U - +3 hat of Pondering {ponderous, MR+ MP+10 Int+5}
rElec    +         Reflect  +   R - +1 cloak {rPois}
rCorr    +         Harm     .   (gloves unavailable)
MR       ++...                  v - +2 pair of boots
Stlth    ..........             D - +3 amulet of reflection
Regen    0.4/turn               I - ring of Xenn {rElec MP+9 Slay+2}
MPRegen  0.4/turn               z - ring of protection from cold

@: protection aura, slow
A: claws 3, clumsy 1, demonic guardian 2, low mp 1, robust 1, spiny 3, sturdy
frame 2
}: 2/15 runes: decaying, gossamer
a: Minor Destruction, Lesser Servant of Makhleb, Major Destruction, Greater
Servant of Makhleb, Renounce Religion


You were on level 3 of the Elven Halls.
You worshipped Makhleb.
Makhleb was exalted by your worship.
You were not hungry.

You visited 8 branches of the dungeon, and saw 39 of its levels.
You also visited: Labyrinth.

You collected 4037 gold pieces.
You spent 2553 gold pieces at shops.

Inventory:

Hand Weapons
 a - a +6 eveningstar of protection (weapon)
 s - a +0 broad axe of electrocution
 w - the +8 hand crossbow of Watchfulness {venom, rC+}
   (You bought it in a shop on level 2 of the Orcish Mines)

   It poisons the ammo it fires.
   It protects you from cold.
Missiles
 k - 3 throwing nets (quivered) {!*}
 L - 1057 bolts
Armour
 v - a +2 pair of boots (worn)
 y - a +1 cloak of invisibility
 B - +2 gold dragon scales (worn)
 N - the +5 large shield of Nanuru (worn) {rF+ rC- rCorr Str+2}
   (You found it on level 8 of the Dungeon)

   It affects your strength (+2).
   It protects you from fire.
   It makes you vulnerable to cold.
   It protects you from acid and corrosion.
 R - a +1 cloak of poison resistance (worn)
 U - the +3 hat of Pondering (worn) {ponderous, MR+ MP+10 Int+5}
   (You took it off Gastronok on level 9 of the Dungeon)

   It affects your intelligence (+5).
   It affects your resistance to hostile enchantments.
   It affects your magic capacity (+10).
Jewellery
 c - an uncursed ring of positive energy
 z - a ring of protection from cold (right claw)
 A - an uncursed ring of see invisible
 D - a +3 amulet of reflection (around neck)
 I - the ring of Xenn (left claw) {rElec MP+9 Slay+2}
   (You found it on level 7 of the Dungeon)

   [ring of magical power]

   It affects your accuracy and damage with ranged weapons and melee attacks
   (+2).
   It insulates you from electricity.
   It affects your magic capacity (+9).
Wands
 j - a wand of confusion (18/48)
 l - a wand of iceblast (6/15)
 o - a wand of lightning (6/15)
 q - a wand of acid (0/15)
 t - a wand of confusion (14/48)
 u - a wand of lightning (1/15)
 x - a wand of digging (4/24)
 C - a wand of confusion (14/48)
 K - a wand of iceblast (0/15)
 P - a wand of iceblast (4/15)
 S - a wand of lightning (0/15)
 T - a wand of iceblast (5/15)
 V - a wand of paralysis (6/24)
Scrolls
 d - 10 scrolls of remove curse
 h - 2 scrolls of magic mapping
 m - 3 scrolls of recharging
 r - 11 scrolls of identify
 F - a scroll of brand weapon
 J - 7 scrolls of teleportation
 W - 2 scrolls of fear
 X - 2 scrolls of blinking
 Y - 5 scrolls of fog
Potions
 b - 22 potions of curing
 e - 5 potions of might
 i - 3 potions of agility
 p - 5 potions of haste
 H - 6 potions of berserk rage
 O - 5 potions of heal wounds
 Q - 2 potions of cancellation
Books
 G - the Collected Works on Creation
   (You found it on level 1 of the Elven Halls)

   Spells                             Type                      Level
   a - Summon Butterflies             Summoning                    1
   b - Summon Guardian Golem          Hexes/Summoning              3
   c - Aura of Abjuration             Summoning                    5
   d - Malign Gateway                 Summoning/Translocation      7
Miscellaneous
 g - a lamp of fire
 Z - a fan of gales
Comestibles
 f - 12 bread rations
 n - 22 royal jellies
 E - 15 meat rations
 M - 3 chunks of flesh


   Skills:
 - Level 11.9 Fighting
   Level 1.0 Long Blades
 - Level 10.0(11.7) Axes
 - Level 10.0(11.7) Maces & Flails
   Level 1.7(6.6) Staves
 - Level 7.3 Crossbows
 - Level 15.9 Armour
 + Level 10.7 Dodging
 - Level 1.7 Stealth
 - Level 15.4 Shields
 - Level 19.2 Invocations
 - Level 12.6 Evocations


You had 15 spell levels left.
You knew the following spells:

 Your Spells              Type           Power        Failure   Level  Hunger
a - Apportation           Tloc           #.....       100%        1    ##.....
b - Lesser Beckoning      Tloc           #.........   100%        3    ####...


Dungeon Overview and Level Annotations

Branches:
Dungeon (15/15)            Temple (1/1) D:4            Lair (6/6) D:9
  Swamp (4/4) Lair:3       Spider (4/4) Lair:2        Slime (0/5) Lair:5
    Orc (2/2) D:9             Elf (3/3) Orc:2        Vaults (4/5) D:14
  Crypt (0/3) Vaults:3     Depths (0/5) D:15

Altars:
Ashenzari
Cheibriados
Dithmenos
Elyvilon
Fedhas
Gozag
Hepliaklqana
Kikubaaqudgha
Makhleb
Nemelex Xobeh
Okawaru
Qazlal
Ru
Sif Muna
Trog
Uskayaw
Vehumet
Xom
Yredelemnul
Zin
The Shining One
Beogh

Shops:
D:8 !   D:11 =   Orc:2 [:*[(   Elf:2 ==:}   Vaults:4 *

Annotations:
Elf:2 3 runed doors


Innate Abilities, Weirdness & Mutations

You have claws for hands.
A demonic guardian rushes to your aid.
You are robust. (+10% HP)
You are completely covered in sharp spines.
Your movements are less encumbered by armour. (ER -4)
You are clumsy. (Dex -2)
Your magical capacity is low. (-10% MP)


Message History

You feel sick.
You are no longer poisoned.
The deep elf annihilator is struck by your spines.
You kill the deep elf annihilator!
Makhleb accepts your kill. What are your orders? t - Shout!
Orders for allies: a - Attack new target. r - Retreat! s - Stop attacking. g - Guard the area. f - Follow me.
Anything else - Cancel.
Gang up on whom?
Press: ? - help, Dir - move target cursor, f - deep elf sorcerer
Aim: a deep elf sorcerer, wielding a short sword (moderately wounded, fast, spells empowered) Attack!
The deep elf sorcerer mumbles some strange words.
The deep elf sorcerer shimmers violently.
The deep elf sorcerer points at you and mumbles some strange words.
The sphere of damnation explodes!
The damnation engulfs you!
You die...

#.###.#.# #))..#
#. #..#.##.##
##)##.# #.
#[#.####.###)###"#
#. #.#....##.))##
#.# ##
#.#....###### #.#
#.#....# #.#
##......##### #.#
#........2.)# #..
### #....)e....@#
#.# ..
#####e####### ###
# #.).# #e).#
#...# # ##(## #.
e§. #. #


eee ##.### ..(.. ####.#... You could see a deep elf sorcerer, a deep elf
demonologist and a friendly balrug.

Vanquished Creatures
  Sojobo (Vaults:4)
  A golden dragon (Vaults:4)
  A tentacled monstrosity (Vaults:4)
  A lich (Vaults:2)
  A quicksilver dragon (Vaults:4)
  Asterion (Vaults:1)
  A deep elf master archer (Elf:3)
  The ghost of 2d6 the Nimble, an adept DsGl of Trog (Spider:2)
  A tengu reaver (Vaults:4)
  2 vault wardens
  A deep elf sorcerer (Elf:3)
  9 emperor scorpions
  2 ghost moths
  An orc warlord (Orc:2)
  5 very ugly things
  Louise (D:14)
  5 stone giants
  4 ironheart preservers
  An entropy weaver (Spider:1)
  A deep elf demonologist (Elf:1)
  3 deep elf annihilators (Elf:3)
  Azrael (Spider:1)
  2 ettins
  3 spark wasps
  3 deep elf death magi
  5 fire dragons
  A deep elf high priest (Elf:3)
  A minotaur (Lab)
  A rakshasa (D:15)
  6 yaktaur captains
  4 ice dragons
  2 great orbs of eyes
  2 vault guards
  17 hydras
  4 catoblepae
  7 centaur warriors
  2 ghost crabs
  28 two-headed ogres
  Erica (D:8)
  12 ogre magi
  5 alligators
  6 death yaks
  A death knight (Vaults:3)
  11 dancing weapons
  A thrashing horror (Swamp:4)
  An orc high priest (Elf:2)
  3 spriggans
  13 deep elf knights
  A shadow wraith (Vaults:3)
  A sun demon (D:13)
  A fire crab (shapeshifter) (Elf:3)
  A skeletal warrior (D:12)
  5 unseen horrors
  4 swamp dragons
  A spriggan druid (Swamp:4)
  4 deep trolls (Vaults:1)
  A shambling mangrove (Swamp:4)
  A flayed ghost (Vaults:3)
  10 deep elf archers
  8 orc knights
  An orb spider (shapeshifter) (Vaults:4)
  15 orb spiders
  Pikel (D:7)
  A harpy (Vaults:4)
  2 wolf spider zombies
  11 ironbrand convokers
  2 phantasmal warriors
  A harpy (shapeshifter) (D:14)
  47 deep elf magi
  19 wolf spiders
  3 oklob plants
  5 moths of wrath
  4 orc sorcerers
  A cyclops (shapeshifter) (Vaults:2)
  2 manticores (Lair:6)
  12 ugly things
  9 cyclopes
  2 black mambas (Lair:1)
  A centaur zombie (D:10)
  A gargoyle (D:13)
  A torpor snail (Spider:3)
  8 vault sentinels
  16 spiny frogs
  An orange demon (Swamp:4)
  A kobold demonologist (D:12)
  3 rime drakes
  A storm dragon simulacrum (D:15)
  17 demonic crawlers
  A komodo dragon (shapeshifter) (Elf:1)
  23 yaktaurs
  10 komodo dragons
  8 freezing wraiths
  34 jumping spiders
  A meliai (shapeshifter) (Vaults:1)
  4 meliai
  A queen bee (D:14)
  16 trolls
  2 tyrant leeches
  34 slime creatures
  5 bog bodies
  13 hornets
  A raiju (shapeshifter) (Vaults:2)
  13 hippogriffs
  A meliai zombie (D:12)
  6 dream sheep
  49 redbacks
  8 blink frogs
  2 wraiths (D:14)
  4 shadows
  3 air elementals
  2 water elementals (Elf:1)
  4 wyverns
  45 yaks
  2 hungry ghosts
  29 tarantellas
  6 basilisks
  Grum (D:8)
  6 fire elementals
  A yaktaur simulacrum (Vaults:1)
  19 vampire mosquitoes
  6 wargs
  15 insubstantial wisps
  16 swamp worms
  3 soldier ants
  An acid dragon (shapeshifter) (Vaults:4)
  An acid dragon (D:12)
  8 porcupines
  2 hell hounds (Spider:1)
  10 water moccasins
  3 swamp drakes
  A hornet zombie (D:8)
  2 slaves
  41 orc warriors
  A black bear (shapeshifter) (Vaults:2)
  A black bear (D:9)
  3 sky beasts
  An eye of draining (D:14)
  7 ice beasts
  4 phantoms
  25 ogres
  6 boggarts
  12 centaurs
  2 ogres (shapeshifter)
  10 wolves
  14 crocodiles
  6 big kobolds
  18 bullfrogs
  2 wyvern zombies
  9 earth elementals
  A wyvern skeleton (D:9)
  6 scorpions
  31 killer bees
  9 wights
  7 howler monkeys
  An electric eel (D:7)
  10 crimson imps
  2 quasits
  A bullfrog zombie (D:5)
  2 human simulacra (Vaults:2)
  25 orc wizards
  9 jellies
  20 orc priests
  8 hounds
  An iron imp (D:13)
  Crazy Yiuf (D:3)
  3 bullfrog skeletons
  7 centaur skeletons
  A gnoll shaman (D:10)
  Terence (D:3)
  6 iguanas
  11 worker ants
  A killer bee zombie (D:6)
  2 hound skeletons
  Robin (D:2)
  2 worker ant zombies
  8 gnolls
  10 adders
  A howler monkey skeleton (D:4)
  5 shadow imps
  2 ufetubi (D:13)
  An ooze (D:6)
  3 worms
  10 dart slugs
  7 leopard geckos
  97 orcs
  4 giant cockroaches
  10 goblins
  8 hobgoblins
  11 jackals
  5 kobolds
  4 quokkas
  2 ball pythons
  A ball python zombie (D:5)
  3 bats
  A frilled lizard (D:5)
  A quokka skeleton (D:5)
  3 rats
  3 fungi
  2 plants
1368 creatures vanquished.

Vanquished Creatures (collateral kills)
  Mara (Vaults:3)
  Nikola (Spider:3)
  Arachne (Spider:2)
  A tentacled monstrosity (Swamp:1)
  Rupert (Lair:5)
  A deep elf blademaster (Elf:3)
  A sphinx (Vaults:4)
  Gastronok (D:9)
  3 thorn hunters
  A tengu reaver (Vaults:4)
  Aizul (Swamp:1)
  2 frost giants
  3 vault wardens
  5 ghost moths
  A deep elf sorcerer (Elf:3)
  An emperor scorpion (Spider:1)
  A deep elf elementalist (Elf:3)
  6 ironheart preservers
  5 very ugly things
  4 entropy weavers
  A deep elf annihilator (Vaults:4)
  A spark wasp (Spider:4)
  2 green deaths (Swamp:4)
  2 death oozes (Swamp:4)
  An ettin (Orc:1)
  A fire dragon (Vaults:1)
  The ghost of schorsch312 the Cleaver, a journeyman HOFi of Beogh (D:13)
  3 yaktaur captains
  A great orb of eyes (Vaults:4)
  An ogre mage (Vaults:3)
  A deep elf high priest (Elf:3)
  2 vault guards
  A catoblepas (Lair:6)
  2 ghost crabs
  A hell beast (Swamp:4)
  7 hydras
  A rakshasa (D:13)
  2 alligators
  3 centaur warriors
  10 two-headed ogres
  2 death yaks
  An orc high priest (Orc:2)
  A soul eater (D:13)
  2 deep elf knights
  A sun demon (D:13)
  2 unseen horrors (Vaults:1)
  2 spriggan druids
  4 deep elf archers
  4 swamp dragons
  5 ironbrand convokers
  An orc knight (Orc:2)
  2 shambling mangroves
  2 flayed ghosts
  4 harpies (Vaults:4)
  5 wolf spiders
  An obsidian statue (D:13)
  3 deep elf magi
  An orc sorcerer (Orc:2)
  4 orb spiders
  6 ugly things
  A large abomination (D:13)
  3 orange demons (Swamp:4)
  3 vault sentinels
  A torpor snail (Spider:3)
  3 spiny frogs
  A centaur skeleton (D:14)
  2 gargoyles
  9 yaktaurs
  2 demonic crawlers (Spider:4)
  An ice devil (D:13)
  A freezing wraith (Vaults:4)
  A troll (Orc:1)
  5 jumping spiders
  2 tyrant leeches (Swamp:2)
  6 hornets
  3 meliai (D:14)
  6 bog bodies
  3 blink frogs
  8 slime creatures
  3 dream sheep (Lair:5)
  A vampire (Swamp:2)
  6 tarantellas
  A water elemental (D:15)
  10 yaks
  6 spriggans
  25 redbacks
  A wyvern (D:15)
  2 small abominations
  2 vampire mosquitoes
  3 swamp worms
  An insubstantial wisp (Swamp:3)
  A hell hound (Spider:1)
  9 orc warriors
  A swamp drake (Swamp:2)
  A centaur (D:8)
  2 boggarts (D:15)
  A necrophage (D:11)
  13 ogres
  10 killer bees
  3 crimson imps
  3 orc wizards (Orc:1)
  5 orc priests
  A worker ant (Orc:1)
  A hound skeleton (D:9)
  A leopard gecko (D:8)
  12 orcs
  A jackal (D:8)
  A quokka (D:8)
326 creatures vanquished.

Vanquished Creatures (others)
  A vault warden (Vaults:2)
  An ettin (Vaults:2)
  A yaktaur captain (Vaults:1)
  A hydra (Swamp:3)
  3 centaur warriors
  2 deep elf knights (Elf:3)
  4 deep elf archers
  An orc knight (Orc:2)
  A deep elf mage (Elf:1)
  A cyclops (D:14)
  6 yaktaurs
  2 jumping spiders
  A chaos spawn (D:13)
  A swamp worm (Swamp:3)
  2 slaves (D:8)
  2 orc warriors (Orc:2)
  A boggart (D:14)
  12 centaurs
  A crocodile (Lair:6)
  9 fungi
  5 plants
58 creatures vanquished.

Grand Total: 1752 creatures vanquished

Notes
Turn   | Place    | Note
-------+----------+-------------------------------------------
     0 | D:1      | Chiseanne the Demonspawn Wanderer began the quest for the Orb.
     0 | D:1      | Chiseanne set off with: a +2 quarterstaff, 2 potions of curing, a +0 robe, a +0 dagger, a bread ration
     0 | D:1      | Reached XP level 1. HP: 21/21 MP: 1/1
   122 | D:1      | Gained mutation: Your movements are slightly less encumbered by armour. (ER -2) [demonic ancestry]
   122 | D:1      | Reached XP level 2. HP: 26/27 MP: 2/2
   307 | D:1      | Reached skill level 1 in Armour
   732 | D:2      | Noticed an angel
   733 | D:2      | Found a glowing silver altar of Zin.
   733 | D:2      | Found a shimmering altar of Xom.
   871 | D:2      | Reached skill level 1 in Dodging
   871 | D:2      | Gained mutation: You are partially covered in sharp spines. [demonic ancestry]
   871 | D:2      | Reached XP level 3. HP: 33/33 MP: 3/3
  1123 | D:2      | Reached XP level 4. HP: 33/39 MP: 4/4
  1365 | D:2      | Noticed Robin
  1392 | D:2      | Killed Robin
  1562 | D:3      | Noticed Terence
  1571 | D:3      | Killed Terence
  1629 | D:3      | Found a bloodstained altar of Trog.
  1754 | D:3      | Found a sacrificial altar of Ru.
  1771 | D:3      | Reached XP level 5. HP: 36/46 MP: 5/5
  1983 | D:3      | Noticed an orc warrior
  2182 | D:3      | Found a basalt altar of Yredelemnul.
  2236 | D:3      | Killed an orc warrior
  2236 | D:3      | Reached XP level 6. HP: 28/52 MP: 6/6
  2836 | D:3      | Found a runed door.
  2846 | D:3      | Noticed Crazy Yiuf
  2854 | D:3      | Killed Crazy Yiuf
  2942 | D:4      | Found a shattered altar of Ashenzari.
  2999 | D:4      | Found a white marble altar of Elyvilon.
  3127 | D:4      | Reached skill level 1 in Evocations
  3190 | D:4      | Found a staircase to the Ecumenical Temple.
  3218 | D:4      | Found a glowing golden altar of the Shining One.
  3273 | Temple   | Entered the Ecumenical Temple
  3345 | Temple   | Became a worshipper of Makhleb the Destroyer
  3494 | D:4      | Gained mutation: Your movements are less encumbered by armour. (ER -4) [demonic ancestry]
  3494 | D:4      | Reached XP level 7. HP: 54/59 MP: 7/7
  3684 | D:5      | Entered Level 5 of the Dungeon
  3684 | D:5      | Found an ancient bone altar of Kikubaaqudgha.
  3687 | D:5      | Reached skill level 1 in Invocations
  3920 | D:5      | Reached skill level 2 in Invocations
  3961 | D:5      | Gained mutation: A weak demonic guardian rushes to your aid. [demonic ancestry]
  3961 | D:5      | Reached XP level 8. HP: 18/67 MP: 8/10
  4129 | D:5      | Reached skill level 3 in Invocations
  4220 | D:5      | Reached skill level 1 in Axes
  4689 | D:6      | Reached skill level 4 in Invocations
  4690 | D:6      | Reached * piety under Makhleb
  5029 | D:6      | Reached skill level 5 in Armour
  5416 | D:7      | Found a shadowy altar of Dithmenos.
  5495 | D:7      | Got a steaming granite ring
  5514 | D:7      | Found an ancient bone altar of Kikubaaqudgha.
  5747 | D:7      | Reached skill level 5 in Dodging
  5747 | D:7      | Reached XP level 9. HP: 72/72 MP: 12/12
  5889 | D:7      | Reached skill level 5 in Invocations
  5896 | D:7      | Reached ** piety under Makhleb
  5998 | D:8      | Reached skill level 1 in Shields
  6002 | D:8      | Got a smoking large shield
  6120 | D:8      | Noticed a two-headed ogre
  6148 | D:8      | Killed a two-headed ogre
  6192 | D:8      | Identified the +5 large shield of Nanuru {rF+ rC- rCorr Str+2} (You found it on level 8 of the Dungeon)
  6248 | D:8      | Reached skill level 6 in Invocations
  6248 | D:8      | Reached skill level 5 in Evocations
  6434 | D:8      | Found Busa Qygh's Distillery.
  6435 | D:8      | Identified the ring of Xenn {rElec MP+9 Slay+2} (You found it on level 7 of the Dungeon)
  6440 | D:8      | Noticed Erica
  6601 | D:8      | Noticed Pikel
  6606 | D:8      | Killed Erica
  6606 | D:8      | Gained mutation: You have sharp fingernails. [demonic ancestry]
  6606 | D:8      | Reached XP level 10. HP: 79/79 MP: 15/15
  6627 | D:7      | Killed Pikel
  6627 | D:7      | Reached skill level 7 in Invocations
  6659 | D:8      | Bought a potion of heal wounds for 75 gold pieces
  6659 | D:8      | Bought a potion of haste for 150 gold pieces
  6659 | D:8      | Bought a potion of cancellation for 120 gold pieces
  6684 | D:8      | Noticed Grum
  6694 | D:8      | Noticed a two-headed ogre
  6720 | D:7      | Reached *** piety under Makhleb
  6914 | D:8      | Killed Grum
  7018 | D:8      | Killed a two-headed ogre
  7018 | D:8      | Reached skill level 5 in Axes
  7057 | D:8      | Reached skill level 8 in Invocations
  7095 | D:8      | Noticed a three-headed hydra
  7099 | D:8      | Killed a one-headed hydra
  7334 | D:9      | Reached **** piety under Makhleb
  7353 | D:9      | Found a staircase to the Orcish Mines.
  7417 | D:9      | Reached XP level 11. HP: 84/84 MP: 17/17
  7565 | D:9      | Found an opulent altar of Gozag.
  7571 | D:9      | Noticed Gastronok
  7583 | D:9      | Killed Gastronok
  7583 | D:9      | Reached skill level 9 in Invocations
  7684 | D:9      | Reached skill level 5 in Shields
  7847 | D:9      | Reached ***** piety under Makhleb
  8027 | D:9      | Found a staircase to the Lair.
  8192 | D:8      | Bought a potion of might for 60 gold pieces
  8192 | D:8      | Bought a potion of brilliance for 60 gold pieces
  8192 | D:8      | Bought a potion of heal wounds for 75 gold pieces
  8192 | D:8      | Bought a potion of curing for 45 gold pieces
  8217 | D:10     | Entered Level 10 of the Dungeon
  9212 | D:11     | Found a labyrinth entrance.
  9219 | Lab      | Entered a labyrinth
  9517 | Lab      | Reached skill level 10 in Invocations
  9952 | Lab      | Noticed a minotaur
  9960 | Lab      | Killed a minotaur
  9962 | Lab      | Got a warped robe
  9968 | Lab      | Identified the Incunabulum of Bewitching Enhancements
  9985 | Lab      | Got an ichor-stained flail
  9986 | Lab      | Identified the +6 flail of Theory {flame, Fragile rC+ Str+3} (You found it in a labyrinth)
 10001 | D:11     | Identified the cursed +1 robe of the Yeti {Dex+4} (You took it off a minotaur in a labyrinth)
 10238 | D:11     | Found Oquan's Jewellery Shop.
 10246 | D:11     | Bought a cursed ring of loudness for 63 gold pieces
 10246 | D:11     | Bought a cursed -3 ring of strength for 28 gold pieces
 10606 | D:11     | Noticed a purple ugly thing
 10618 | D:11     | Killed a purple ugly thing
 10793 | D:12     | Reached XP level 12. HP: 79/91 MP: 19/19
 10893 | D:12     | Noticed a centaur warrior
 10894 | D:12     | Noticed a two-headed ogre
 10909 | D:12     | Killed a centaur warrior
 10910 | D:12     | Killed a two-headed ogre
 11040 | D:12     | Noticed a two-headed ogre
 11051 | D:12     | Killed a two-headed ogre
 11051 | D:12     | Reached skill level 11 in Invocations
 11500 | D:12     | Noticed a two-headed ogre
 11507 | D:12     | Killed a two-headed ogre
 11808 | D:12     | Noticed a catoblepas
 11826 | D:12     | Noticed a two-headed ogre
 12009 | D:12     | Identified the Collected Works on the Frigorific Compass
 12033 | D:12     | Reached skill level 12 in Invocations
 12199 | D:12     | Killed a two-headed ogre
 12199 | D:12     | Gained mutation: You are mostly covered in sharp spines. [demonic ancestry]
 12199 | D:12     | Reached XP level 13. HP: 84/96 MP: 22/22
 12468 | D:12     | Identified Qecliel's Collected Works on the Helpful Escort
 12643 | D:13     | Reached skill level 10 in Evocations
 12652 | D:13     | Noticed schorsch312's ghost (journeyman HOFi)
 12694 | D:13     | Noticed a balrug
 12772 | D:13     | Noticed a cacodemon
 12775 | D:13     | Gained mutation: You are clumsy. (Dex -2) [a cacodemon]
 12776 | D:13     | Killed schorsch312's ghost
 12778 | D:13     | Gained mutation: Your magical capacity is low. (-10% MP) [a cacodemon]
 13108 | D:13     | Identified the ring of Xom's Bemusement {Fire *Corrode Str+4} (You found it on level 13 of the Dungeon)
 13679 | D:14     | Found a gate to the Vaults.
 13701 | D:14     | Reached skill level 10 in Armour
 14098 | D:14     | Noticed a fire dragon
 14113 | D:14     | Reached skill level 13 in Invocations
 14120 | D:14     | Killed a fire dragon
 14226 | D:14     | Noticed a fire dragon
 14374 | D:14     | Killed a fire dragon
 14718 | D:14     | Noticed Louise
 14749 | D:14     | Killed Louise
 15141 | D:14     | Gained mutation: You have very sharp fingernails. [demonic ancestry]
 15141 | D:14     | Reached XP level 14. HP: 35/103 MP: 21/21
 15654 | D:15     | Entered Level 15 of the Dungeon
 15921 | D:15     | Found a staircase to the Depths.
 16636 | D:15     | Reached skill level 10 in Axes
 17543 | D:15     | Reached skill level 1 in Maces & Flails
 17887 | D:13     | Reached skill level 14 in Invocations
 17974 | Orc:1    | Entered Level 1 of the Orcish Mines
 17982 | Orc:1    | Found a roughly hewn altar of Beogh.
 18057 | Orc:2    | Entered Level 2 of the Orcish Mines
 18057 | Orc:2    | Found Maskog's Antique Armour Shoppe.
 18068 | Orc:2    | Noticed an orc warlord
 18072 | Orc:2    | Found a roughly hewn altar of Beogh.
 18140 | Orc:2    | Killed an orc warlord
 18236 | Orc:2    | Found Noipnan's Antique Weapon Emporium.
 18244 | Orc:2    | Bought a dazzling hand crossbow for 204 gold pieces
 18313 | Orc:2    | Bought a scorched cloak for 266 gold pieces
 18413 | Orc:2    | Found Ogimiol's Book Boutique.
 18888 | Orc:2    | Found Sitint's Antique Armour Shoppe.
 18895 | Orc:2    | Found a staircase to the Elven Halls.
 18991 | Orc:2    | Reached skill level 10 in Shields
 19051 | Orc:2    | Found Ixuimm's General Store.
 19059 | Orc:2    | Bought a scroll of fear for 49 gold pieces
 19059 | Orc:2    | Bought a scroll of magic mapping for 49 gold pieces
 19313 | Orc:1    | Reached ****** piety under Makhleb
 19934 | Lair:1   | Entered Level 1 of the Lair of Beasts
 20110 | Lair:1   | Gained mutation: A demonic guardian rushes to your aid. [demonic ancestry]
 20110 | Lair:1   | Reached XP level 15. HP: 108/108 MP: 23/23
 21502 | Lair:2   | Found a hole to the Spider Nest.
 21747 | Lair:2   | Identified the +2 cloak of the Bulwark {rC- Dex+3 Stlth+} (You bought it in a shop on level 2 of the Orcish Mines)
 21963 | Lair:2   | Identified the +8 hand crossbow of Watchfulness {venom, rC+} (You bought it in a shop on level 2 of the Orcish Mines)
 22790 | Lair:3   | Found a staircase to the Swamp.
 23120 | Lair:4   | Found a shattered altar of Ashenzari.
 24074 | Lair:5   | Found a stormy altar of Qazlal.
 24338 | Lair:5   | Found a staircase to the Slime Pits.
 24352 | Lair:5   | Reached skill level 15 in Invocations
 24466 | Lair:5   | Noticed Rupert
 24477 | Lair:5   | Killed Rupert
 24477 | Lair:5   | Reached skill level 5 in Maces & Flails
 24892 | Lair:6   | Entered Level 6 of the Lair of Beasts
 27071 | Swamp:1  | Entered Level 1 of the Swamp
 27651 | Swamp:1  | Gained mutation: You are completely covered in sharp spines. [demonic ancestry]
 27651 | Swamp:1  | Reached XP level 16. HP: 115/115 MP: 24/24
 27657 | Swamp:1  | Noticed Aizul
 27670 | Swamp:1  | Killed Aizul
 28042 | Swamp:1  | Noticed a tentacled monstrosity
 28049 | Swamp:1  | Killed a tentacled monstrosity
 28478 | Swamp:2  | Noticed a thorn hunter
 28499 | Swamp:2  | Killed a thorn hunter
 28643 | Swamp:2  | Reached skill level 16 in Invocations
 29957 | Swamp:3  | Reached skill level 1 in Crossbows
 30185 | Swamp:4  | Entered Level 4 of the Swamp
 30580 | Swamp:4  | Noticed a thorn hunter
 30592 | Swamp:4  | Killed a thorn hunter
 31432 | Swamp:4  | Reached XP level 17. HP: 120/120 MP: 26/26
 31459 | Swamp:4  | Got a decaying rune of Zot
 31897 | Spider:1 | Entered Level 1 of the Spider Nest
 32267 | Spider:1 | Noticed Azrael
 32445 | Spider:1 | Killed Azrael
 32704 | Spider:2 | Noticed Arachne
 32965 | Spider:2 | Noticed 2d6's ghost (adept DsGl)
 32993 | Spider:2 | Killed 2d6's ghost
 32993 | Spider:2 | Reached skill level 5 in Crossbows
 33156 | Spider:2 | Killed Arachne
 34491 | Spider:3 | Learned a level 1 spell: Apportation
 34495 | Spider:3 | Learned a level 3 spell: Lesser Beckoning
 35299 | Spider:3 | Paralysed by a hornet for 1 turns
 35385 | Spider:3 | Noticed Nikola
 35404 | Spider:3 | Killed Nikola
 35962 | Spider:4 | Entered Level 4 of the Spider Nest
 36426 | Spider:4 | Gained mutation: You have claws for hands. [demonic ancestry]
 36426 | Spider:4 | Reached XP level 18. HP: 133/133 MP: 27/27
 37293 | Spider:4 | Reached skill level 10 in Fighting
 37885 | Spider:4 | Got a gossamer rune of Zot
 38538 | Vaults:1 | Entered Level 1 of the Vaults
 39148 | Vaults:1 | Noticed Asterion
 39165 | Vaults:1 | Killed Asterion
 39478 | Vaults:1 | Reached skill level 17 in Invocations
 40274 | Vaults:2 | Gained mutation: You are robust. (+10% HP) [demonic ancestry]
 40274 | Vaults:2 | Reached XP level 19. HP: 81/158 MP: 28/28
 40340 | Vaults:2 | Reached skill level 15 in Armour
 42807 | Vaults:3 | Found a staircase to the Crypt.
 43265 | Vaults:3 | Noticed Mara
 43269 | Vaults:3 | Noticed Chiseanne's illusion
 43314 | Vaults:3 | Noticed Chiseanne's illusion
 43718 | Vaults:3 | Reached skill level 18 in Invocations
 43949 | Vaults:3 | Noticed Chiseanne's illusion
 43958 | Vaults:3 | Killed Mara
 44734 | Vaults:4 | Reached skill level 15 in Shields
 44915 | Vaults:4 | Noticed a golden dragon
 44927 | Vaults:4 | Killed a golden dragon
 45342 | Vaults:4 | Reached XP level 20. HP: 167/167 MP: 30/30
 45496 | Vaults:4 | Found Siosaneot's Assorted Antiques.
 45506 | Vaults:4 | Bought a potion of agility for 76 gold pieces
 45506 | Vaults:4 | Bought a potion of ambrosia for 152 gold pieces
 45506 | Vaults:4 | Bought a scroll of enchant armour for 142 gold pieces
 45506 | Vaults:4 | Bought a potion of flight for 57 gold pieces
 45617 | Vaults:4 | Noticed Sojobo
 45636 | Vaults:4 | Killed Sojobo
 45636 | Vaults:4 | Reached skill level 19 in Invocations
 46123 | Vaults:4 | Reached skill level 10 in Maces & Flails
 46870 | D:8      | Bought a potion of curing for 45 gold pieces
 46870 | D:8      | Bought a potion of haste for 150 gold pieces
 46870 | D:8      | Bought a potion of agility for 60 gold pieces
 46870 | D:8      | Bought a potion of haste for 150 gold pieces
 46870 | D:8      | Bought a potion of berserk rage for 75 gold pieces
 46870 | D:8      | Bought a potion of haste for 150 gold pieces
 46972 | Orc:2    | Bought a slimy scale mail for 252 gold pieces
 46973 | Orc:2    | Identified the +7 scale mail "Etsos" {Dex+4} (You bought it in a shop on level 2 of the Orcish Mines)
 46982 | Elf:1    | Entered Level 1 of the Elven Halls
 47169 | Elf:1    | Identified the Collected Works on Creation
 48063 | Elf:2    | Found a runed gate.
 48063 | Elf:2    | Found a runed gate.
 48063 | Elf:2    | Found a runed gate.
 48113 | Elf:2    | Found Duuxett's Jewellery Boutique.
 48139 | Elf:2    | Found Natav's Book Shoppe.
 48227 | Elf:2    | Found Nidduac's Gadget Boutique.
 48286 | Elf:2    | Found Hefalita's Jewellery Shop.
 48384 | Elf:3    | Entered Level 3 of the Elven Halls
 48914 | Elf:3    | Reached skill level 10 in Dodging
 48938 | Elf:3    | HP: 6/167 [deep elf annihilator/iron shot (39)]
 48942 | Elf:3    | Killed from afar by a deep elf sorcerer

Skill      XL: |  1  2  3  4  5  6  7  8  9 10 11 12 13 14 15 16 17 18 19 20 |
---------------+-------------------------------------------------------------+-----
Armour         | 1 2 3 4 5 6 7 8 9 10 11 12 13 14 15 | 15.9
Dodging        | 1 2 3 5 10 | 10.7
Fighting       | 6 7 9 11 | 11.9
Evocations     | 1 2 4 5 6 8 9 10 11 12 | 12.6
Invocations    | 2 4 6 8 10 12 13 14 15 16 17 18 19 | 19.2
Axes           | 2 4 5 7 8 9 10 | 10.0
Shields        | 2 4 6 7 9 10 11 12 13 14 15 | 15.4
Maces & Flails | 3 6 8 9 10 | 10.0
Crossbows      | 4 6 7 |  7.3
Long Blades    | |  1.0
Staves         | |  1.7
Stealth        | |  1.7

Action                   |  1- 3 |  4- 6 |  7- 9 | 10-12 | 13-15 | 16-18 | 19-21 || total
-------------------------+-------+-------+-------+-------+-------+-------+-------++-------
Melee: Quarterstaff      |    46 |   119 |    45 |       |       |       |       ||   210
       War axe           |       |       |   172 |   599 |    77 |       |       ||   848
       Scimitar          |       |       |       |     3 |     4 |       |       ||     7
       Hand axe          |       |       |       |   113 |  1162 |       |       ||  1275
       Eveningstar       |       |       |       |       |   514 |  1496 |  1259 ||  3269
 Fire: Blowgun           |       |     5 |    20 |       |     4 |       |       ||    29
       Hand crossbow     |       |       |       |       |    36 |   342 |    39 ||   417
Throw: Stone             |       |     1 |       |       |       |       |       ||     1
       Tomahawk          |       |       |     3 |     4 |     9 |       |       ||    16
Invok: Lesser Servant of |       |       |       |     2 |       |       |     1 ||     3
       Major Destruction |       |       |       |     1 |       |       |       ||     1
       Greater Servant o |       |       |       |       |    11 |    37 |     8 ||    56
 Abil: Evoke Invisibilit |       |       |       |       |     1 |       |       ||     1
Evoke: Wand              |       |       |    17 |     5 |    63 |    10 |    29 ||   124
       Box of beasts     |       |       |       |       |     1 |       |     4 ||     5
       Fan of gales      |       |       |       |       |       |       |     1 ||     1
       Phantom mirror    |       |       |       |       |       |       |     1 ||     1
  Use: Scroll            |     3 |     7 |    13 |    12 |    25 |    12 |     8 ||    80
       Potion            |       |     3 |     1 |     2 |    13 |       |     6 ||    25
 Stab: Sleeping          |     3 |       |       |       |       |       |       ||     3
       Distracted        |       |       |     2 |     6 |     8 |     9 |    13 ||    38
       Paralysed         |       |       |     6 |       |       |       |       ||     6
       Confused          |       |       |     1 |       |    13 |     1 |       ||    15
       Invisible         |       |       |       |       |    13 |       |       ||    13
  Eat: Chunk             |     1 |     7 |    10 |    12 |    45 |    28 |    22 ||   125
       Fruit             |       |       |       |    14 |     1 |     9 |       ||    24
       Royal jelly       |       |       |       |       |     4 |     5 |     5 ||    14
Armor: Leather armour    |     7 |       |       |       |       |       |       ||     7
       Ring mail         |     1 |     3 |       |       |       |       |       ||     4
       Chain mail        |       |    52 |    30 |       |       |       |       ||    82
       Plate armour      |       |       |   126 |   293 |   579 |  1204 |   192 ||  2394
       Skin              |       |       |    21 |       |       |       |       ||    21
       Gold dragon scale |       |       |       |       |       |       |   160 ||   160
Dodge: Dodged            |    19 |    41 |    96 |    96 |   199 |   467 |   176 ||  1094
Block: Large shield      |       |       |    44 |   843 |  2025 |  2998 |  1431 ||  7341
       Buckler           |       |       |     3 |       |       |       |       ||     3
       Reflection        |       |       |       |    11 |    83 |    59 |    96 ||   249
       Rpst.: Scimitar   |       |       |       |     1 |       |       |       ||     1
